 Dungeon Crawl Stone Soup version 0.27-a0-13-g87abb2d9eb (webtiles) character file.

Game seed: 10316992823511990666

3463 Dirian the Cutter (level 9, -1/78 HPs)
             Began as a Minotaur Monk on Jan 2, 2021.
             Was an Elder of Dithmenos.
             Slain by Prince Ribbit (16 damage)
             ... on level 9 of the Dungeon.
             The game lasted 00:21:05 (8572 turns).

Dirian the Cutter (Minotaur Monk)                   Turns: 8572, Time: 00:21:06

Health: -1/78      AC:  4    Str: 16    XL:     9   Next: 78%
Magic:  10/10      EV: 15    Int:  7    God:    Dithmenos [****..]
Gold:   250        SH: 11    Dex: 22    Spells: 8/8 levels left

rFire    . . .     SeeInvis .   c - +2 dagger (elec)
rCold    . . .     Faith    .   h - +1 kite shield
rNeg     . . .     Spirit   .   i - +0 leather armour
rPois    .         Reflect  .   (helmet restricted)
rElec    .         Harm     .   g - scarf {shadows}
rCorr    .         Rampage  .   (no gloves)
Will     .....                  y - +0 pair of boots
Stlth    +++++.....             (no amulet)
HPRegen  0.23/turn              s - +6 ring of dexterity
MPRegen  0.12/turn              e - ring of flight

@: mighty, wreathed by umbra
A: retaliatory headbutt, horns 2
a: Renounce Religion, Evoke Flight, Shadow Step


You were on level 9 of the Dungeon.
You worshipped Dithmenos.
Dithmenos was greatly pleased with you.
You visited 2 branches of the dungeon, and saw 10 of its levels.
You also visited: Sewer.

You collected 502 gold pieces.
You spent 252 gold pieces at shops.

Inventory:

Hand Weapons
 c - a +2 dagger of electrocution (weapon)
 k - a +2 dagger of draining
 B - a +0 dagger of venom
Armour
 g - a scarf of shadows (worn)
 h - a +1 kite shield (worn)
 i - a +0 leather armour (worn)
 j - a scarf of resistance
 y - a +0 pair of boots (worn)
Jewellery
 e - a ring of flight (right hand)
 s - a +6 ring of dexterity (left hand)
Wands
 l - a wand of polymorph (17)
 n - a wand of paralysis (6)
 p - a wand of flame (17)
Scrolls
 b - 3 scrolls of fog
 m - a scroll of enchant weapon
 r - 9 scrolls of identify
 t - 5 scrolls of teleportation
 x - 6 scrolls of remove curse
 z - a scroll of immolation
 C - a scroll of magic mapping
Potions
 a - a potion of berserk rage
 d - 2 potions of might
 f - a potion of attraction
 o - a potion of cancellation
 q - 6 potions of curing
 u - a potion of lignification
 v - 3 potions of flight
 w - 6 potions of heal wounds
 A - a potion of invisibility


   Skills:
 + Level 6.5 Fighting
 + Level 7.6 Short Blades
 + Level 6.8 Dodging
 * Level 6.9 Stealth
 + Level 3.4 Shields
 * Level 3.5 Invocations
 * Level 4.5 Evocations


You had 8 spell levels left.
You didn't know any spells.
Your spell library contained the following spells:

 Spells                   Type           Power        Failure   Level
 Magic Dart               Conj           0%           95%         1
 Blink                    Tloc           N/A          98%         2
 Call Imp                 Summ           0%           98%         2
 Ensorcelled Hibernation  Hex/Ice        0%           98%         2
 Slow                     Hex            0%           98%         2
 Conjure Flame            Conj/Fire      0%           100%        3
 Mephitic Cloud           Conj/Pois/Air  0%           100%        3
 Tukima's Dance           Hex            0%           100%        3
 Statue Form              Tmut/Erth      0%           100%        6
 Dragon Form              Tmut           0%           100%        7


Dungeon Overview and Level Annotations

Branches:
Dungeon (9/15)             Temple (1/1) D:5           Sewer (visited)
   Lair: D:8-11         Orc: D:9-12

Altars:
Ashenzari
Cheibriados
Dithmenos
Elyvilon
Fedhas
Gozag
Hepliaklqana
Kikubaaqudgha
Makhleb
Nemelex Xobeh
Okawaru
Qazlal
Ru
Sif Muna
Trog
Uskayaw
Vehumet
Wu Jian
Xom
Yredelemnul
Zin
The Shining One

Shops:
D:4 }   D:6 !   D:7 (

Annotations:
D:4 1 runed translucent door, Crazy Yiuf
D:9 Prince Ribbit


Innate Abilities, Weirdness & Mutations

You reflexively headbutt those who attack you in melee.
You have a pair of horns on your head.


Message History

The orc wizard mumbles some strange words.
The orc wizard blinks!
Prince Ribbit blinks!
You feel very mighty all of a sudden. The bullfrog hits you.
The bullfrog barely misses you. You furiously retaliate!
You headbutt the bullfrog!
You kill the bullfrog!
Dithmenos accepts your kill.
Prince Ribbit lets out a mournful croak.
The orc wizard gestures at you while chanting.
The magic dart hits you!
* * * LOW HITPOINT WARNING * * *
Things that are here:
a +0 dagger; a +0 robe You puncture the orc wizard!
Lightning courses through the orc wizard!!
You kill the orc wizard!
Dithmenos accepts your kill. Prince Ribbit barely misses you.
You miss Prince Ribbit. Prince Ribbit hits you!
You die...

..............
#..†........
#....<......
#####.######
#...#
###.######
#.........
#..)).....
#..@).....
#..)F.....
#.........
...........
.##......... #
#........!
##########


You could see Prince Ribbit.

Vanquished Creatures
  A two-headed ogre (D:6)
  Grinder (D:3)
  A water moccasin (D:8)
  An ice beast (D:7)
  An ogre (D:7)
  A sky beast (D:5)
  4 centaurs
  8 bullfrogs
  A wyvern skeleton (D:4)
  4 killer bees (D:8)
  A centaur zombie (D:6)
  2 hounds
  2 jellies
  5 orc priests
  A centaur skeleton (D:5)
  Jessica (D:3)
  4 iguanas
  Terence (D:3)
  5 orc wizards
  7 worker ants
  Natasha (thrice) (D:2)
  2 hound skeletons
  Robin (D:3)
  A worker ant zombie (D:6)
  10 adders
  3 river rats (Sewer)
  A shadow imp (D:6)
  A white imp (D:5)
  An ufetubus (D:6)
  An adder zombie (D:5)
  4 oozes
  An adder skeleton (D:6)
  A worm (D:2)
  2 dart slugs (D:1)
  2 leopard geckos
  19 orcs
  11 giant cockroaches
  13 goblins
  10 hobgoblins
  9 jackals
  2 quokkas
  10 ball pythons
  5 bats
  3 frilled lizards
  A jackal zombie (D:5)
  22 kobolds
  2 leopard gecko skeletons (D:4)
  2 leopard gecko zombies
  A quokka skeleton (D:4)
  30 rats
226 creatures vanquished.

Vanquished Creatures (others)
  A plant (D:4)
1 creature vanquished.

Grand Total: 227 creatures vanquished

Notes
Turn   | Place    | Note
-------+----------+-------------------------------------------
     0 | D:1      | Dirian the Minotaur Monk began the quest for the Orb.
     0 | D:1      | Reached XP level 1. HP: 19/19 MP: 0/0
   347 | D:1      | Reached XP level 2. HP: 18/27 MP: 1/1
  1106 | D:1      | Reached XP level 3. HP: 30/33 MP: 2/2
  1696 | D:2      | Noticed Natasha
  1716 | D:2      | Killed Natasha
  1717 | D:2      | Reached skill level 4 in Short Blades
  1797 | D:2      | Noticed Natasha
  1810 | D:2      | Killed Natasha
  1811 | D:2      | Reached XP level 4. HP: 33/41 MP: 3/3
  1995 | D:2      | Noticed Natasha
  2005 | D:2      | Killed Natasha
  2321 | D:3      | Noticed Grinder
  2520 | D:3      | Noticed Terence
  2585 | D:3      | Paralysed by Grinder for 7 turns
  2598 | D:3      | Killed Grinder
  2599 | D:3      | Reached skill level 5 in Fighting
  2599 | D:3      | Reached skill level 1 in Evocations
  2599 | D:3      | Reached XP level 5. HP: 36/48 MP: 4/4
  2599 | D:3      | Reached XP level 6. HP: 42/56 MP: 5/5
  2773 | D:3      | Killed Terence
  2774 | D:3      | Reached skill level 5 in Short Blades
  2841 | D:3      | Noticed Robin
  2843 | D:3      | Noticed Jessica
  2850 | D:3      | Reached skill level 5 in Dodging
  2852 | D:3      | Killed Robin
  2855 | D:3      | Killed Jessica
  3625 | D:4      | Reached XP level 7. HP: 60/61 MP: 6/6
  3857 | D:4      | Found a hazy altar of Hepliaklqana.
  3886 | D:4      | Found a stormy altar of Qazlal.
  3886 | D:4      | Found a bloodstained altar of Trog.
  3887 | D:4      | Found a glowing golden altar of the Shining One.
  3921 | D:4      | Found Fywkiy's Gadget Emporium.
  4124 | D:4      | Found a runed translucent door.
  4125 | D:4      | Noticed Crazy Yiuf
  4368 | D:5      | Entered Level 5 of the Dungeon
  4404 | D:5      | Reached skill level 6 in Short Blades
  4564 | D:5      | Found a staircase to the Ecumenical Temple.
  4576 | Temple   | Entered the Ecumenical Temple
  4815 | Temple   | Became a worshipper of Dithmenos the Shadowed
  4815 | Temple   | Reached * piety under Dithmenos
  4815 | Temple   | Reached ** piety under Dithmenos
  4933 | D:5      | Reached XP level 8. HP: 52/70 MP: 7/7
  5288 | D:6      | Found Cirhaxt's Distillery.
  5446 | D:6      | Noticed a two-headed ogre
  5448 | D:6      | Reached skill level 1 in Invocations
  5466 | D:6      | Killed a two-headed ogre
  5467 | D:6      | Reached skill level 7 in Short Blades
  5467 | D:6      | Reached skill level 5 in Stealth
  5467 | D:6      | Reached skill level 1 in Shields
  5501 | D:6      | Found a glowing drain.
  5517 | Sewer    | Entered a sewer
  5733 | Sewer    | Reached *** piety under Dithmenos
  5764 | Sewer    | Reached XP level 9. HP: 75/75 MP: 9/9
  6174 | D:6      | Bought a potion of invisibility for 112 gold pieces
  6174 | D:6      | Bought 2 potions of heal wounds for 140 gold pieces
  6795 | D:7      | Reached **** piety under Dithmenos
  7022 | D:7      | Identified the Volume of Shifting Hexes
  7076 | D:7      | Found Fuli's Antique Weapon Shop.
  8562 | D:9      | Noticed Prince Ribbit
  8572 | D:9      | Slain by Prince Ribbit

Illustrated notes

Levels and vault maps discovered:
D:1:      dpeg_arrival_morbid_curiosity, layout_basic, minmay_misc_feat_hallway,
          nrook_mini_backslash, dk_noncrumbling_2
D:2:      layout_rooms, uniq_natasha
D:3:      layout_basic, nicolae_underground_beach, uniq_robin, uniq_grinder,
          uniq_terence, uniq_jessica
D:4:      layout_basic, marbit_many_paths, gammafunk_temple_overflow_forgotten,
          serial_shops, shop, minmay_misc_feat_roman, amcnicky_mini_pool_small,
          uniq_crazy_yiuf_cottage
D:5:      layout_rooms, minmay_temple_entry_purple_smoke, kennysheep_minor_cross
D:6:      layout_basic, serial_shops, nicolae_shop_stone, portal_sewer_entry_a
D:7:      layout_rooms, serial_shops, shop, kennysheep_small_circle
D:8:      layout_layer_cave, kennysheep_cross_bottleneck
D:9:      layout_roguey, david_lair_generic, uniq_prince_ribbit1, uniq_pikel
Temple:   hc_temple_tempest_star

Skill      XL: |  1  2  3  4  5  6  7  8  9 |
---------------+----------------------------+-----
Fighting       | 4 5 6 |  6.5
Short Blades   | 4 5 6 7 |  7.6
Dodging        | 4 5 6 |  6.8
Stealth        | 2 3 5 6 |  6.9
Evocations     | 1 2 3 4 |  4.5
Invocations    | 2 3 |  3.5
Shields        | 1 3 |  3.4

Action                   |  1- 3 |  4- 6 |  7- 9 || total
-------------------------+-------+-------+-------++-------
Melee: Short sword       |   101 |    95 |       ||   196
       Headbutt          |    10 |    20 |    58 ||    88
       Unarmed           |     3 |       |       ||     3
       Dagger            |       |     7 |   322 ||   329
  Use: Scroll            |       |     9 |    13 ||    22
       Potion            |       |     3 |     3 ||     6
 Stab: Sleeping          |     3 |     4 |    24 ||    31
Armor: Robe              |     5 |       |       ||     5
       Skin              |    12 |       |       ||    12
       Leather armour    |     4 |    10 |    27 ||    41
Dodge: Dodged            |    59 |    65 |   148 ||   272
Block: Kite shield       |       |       |    85 ||    85

Table legend: (Time is in decaauts)
 A = Elapsed time spent in this place.
 B = Non-inter-level travel time spent in this place.
 C = Inter-level travel time spent in this place.
 D = Time resting spent in this place.
 E = Time spent auto-exploring this place.
 F = Levels seen in this place.
 G = Mean time per level.
                   A        B        C        D        E       F      G
               +--------+--------+--------+--------+--------+-----+--------+
         Total |   8501 |   8139 |    362 |    435 |   6071 |  11 |  772.8 |
       Dungeon |   7732 |   7395 |    337 |    435 |   5613 |   9 |  859.1 |
        Temple |    252 |    227 |     25 |      0 |    212 |   1 |  252.0 |
         Sewer |    515 |    515 |      0 |      0 |    245 |   1 |  515.0 |
               +--------+--------+--------+--------+--------+-----+--------+

Top non-repeatable levels by time:
     D:1: 1405 daAuts
     D:3: 1373 daAuts
     D:8: 1190 daAuts
     D:6: 923 daAuts
     D:2: 809 daAuts
     D:4: 776 daAuts
     D:7: 621 daAuts
     D:5: 610 daAuts
   Sewer: 515 daAuts
  Temple: 252 daAuts
     D:9: 20 daAuts
